 Dungeon Crawl Stone Soup version 0.28.0-53-g5a82cb258f (webtiles) character file.

Game seed: 17834905049277985277

30 Zeld the Skirmisher (level 3, -1/40 HPs)
             Began as an Ogre Delver on May 23, 2022.
             Slain by Eustachio
             ... wielding a +0 falchion
              (9 damage)
             ... on level 6 of the Dungeon.
             The game lasted 00:00:55 (548 turns).

Zeld the Skirmisher (Ogre Delver)                    Turns: 548, Time: 00:00:56

Health: -1/40      AC:  3    Str: 18    XL:     3   Next: 18%
Magic:  3/3        EV: 10    Int: 11    God:
Gold:   11         SH:  0    Dex: 10    Spells: 2/2 levels left

rFire   . . .      SeeInvis .   a - +0 spear
rCold   . . .      Faith    .   (no shield)
rNeg    . . .      Spirit   .   b - +0 robe
rPois   .          Reflect  .   (helmet restricted)
rElec   .          Harm     .   (no cloak)
rCorr   .          Rampage  .   (gloves unavailable)
Will    .....                   (boots unavailable)
Stlth   ++........              (no amulet)
HPRegen 0.13/turn               (no ring)
MPRegen 0.08/turn               (no ring)

@: no status effects
A: large, unfitting armour, tough skin 1
a: no special abilities


You were on level 6 of the Dungeon.
You visited 1 branch of the dungeon, and saw 2 of its levels.

You collected 11 gold pieces.

Inventory:

Hand Weapons
 a - a +0 spear (weapon)
Armour
 b - a +0 robe (worn)
Wands
 g - a wand of digging (3)
Scrolls
 c - a scroll of fog
 e - a scroll of fear
Potions
 f - a potion of haste


   Skills:
 * Level 4.6 Fighting
 * Level 2.5 Polearms
 + Level 2.0 Dodging
 - Level 3.7 Stealth
 + Level 0.6 Evocations


You had 2 spell levels left.
You didn't know any spells.
Your spell library was empty.

Dungeon Overview and Level Annotations

Branches:
Dungeon (6/15)
 Temple: D:4-7

Altars:

Annotations:
D:6 Eustachio


Innate Abilities, Weirdness & Mutations

You are too large for most types of armour.
You have tough skin. (AC +1)


Message History

Eustachio is lightly wounded.
The centaur zombie hits you but does no damage.
The centaur zombie barely misses you. Eustachio barely misses you.
Unknown command.
You closely miss Eustachio. You punch Eustachio, but do no damage.
Eustachio is lightly wounded.
Eustachio hits you with a +0 falchion.
Unknown command.
You hit Eustachio.
Eustachio is lightly wounded.
Eustachio gestures wildly while chanting.
The phantom hits you.
Unknown command.
You hit Eustachio.
Eustachio is moderately wounded.
Eustachio closely misses you. The quasit closely misses you. x2
The quasit claws you but does no damage.
The phantom closely misses you.
Unknown command.
You hit Eustachio but do no damage.
Eustachio is moderately wounded.
Eustachio hits you with a +0 falchion.
* * * LOW HITPOINT WARNING * * *
The quasit bites you but does no damage.
The quasit claws you but does no damage.
The quasit misses you. The phantom closely misses you.
You hit Eustachio.
Eustachio is moderately wounded.
The quasit bites you but does no damage.
The quasit barely misses you.
The quasit claws you but does no damage.
Eustachio barely misses you. The phantom closely misses you.
Unknown command.
Unknown command.
You hit Eustachio.
Eustachio is moderately wounded.
The quasit barely misses you. x2
The quasit claws you but does no damage.
Eustachio hits you with a +0 falchion!
You die...

*,,,*,,,**,,***,***,,,,,,,
**********,,,,,,,**,,,,,,,
*,,,*,,,**,,,*,,,,,,,*,,,,
*,>,*,∩,**,,,**,*,,,,,,,,,
**,,,*,,,*,.......,**,,,,,,
###+#******+*#.....#***,,,,,*
#.(..#####,,,...#..,**,,,****
#........#####....,,,,,*,* *
#.........ZW@#5..#,#*,,,,* *
#.......####5@.Z.#>##.,,*****
#.).....# ###........,,,,,**
#######.# ###<..#...,,,,,,,,
#.# #..........,,,,,** #.#
#.#........,,,,,,,
###.####.#........,,,,*,,
#...#....#........,,,,,,*
#...#.#######.....,,,,,,*


You could see Eustachio, a phantom, a quasit (summoned), a bullfrog zombie and a
centaur zombie.

Vanquished Creatures
  A jelly (D:5)
1 creature vanquished.

Notes
Turn   | Place    | Note
-------+----------+-------------------------------------------
     0 | D:5      | Zeld the Ogre Delver began the quest for the Orb.
     0 | D:5      | Reached XP level 1. HP: 24/24 MP: 1/1
     9 | D:5      | Noticed a jelly
    30 | D:5      | Killed a jelly
    31 | D:5      | Reached XP level 2. HP: 7/33 MP: 2/2
    31 | D:5      | Reached XP level 3. HP: 9/40 MP: 3/3
   493 | D:5      | Noticed a scorpion
   516 | D:6      | Noticed Eustachio
   519 | D:6      | Noticed a steam dragon
   530 | D:6      | Noticed a phantom
   548 | D:6      | Slain by Eustachio

Illustrated notes

Levels and vault maps discovered:
D:5:      layout_basic, lemuel_temple_firewalk_b, minmay_misc_feat_hallway
D:6:      layout_rooms, lemuel_doored_altar,
          nicolae_ossuary_entry_false_entrances, uniq_eustachio

Skill      XL: |  1 |
---------------+----+-----
Dodging        | 2 |  2.0
Fighting       | |  4.6
Polearms       | |  2.5
Stealth        | |  3.7
Evocations     | |  0.6

Action                   || total
-------------------------++-------
Melee: Spear             ||    17
       Punch             ||     1
  Use: Scroll            ||     1
 Stab: Sleeping          ||     1
Armor: Robe              ||    16
Dodge: Dodged            ||    25
